 Dungeon Sprint DCSS version 0.17-a0-1655-g88a8506 (webtiles) character file.

261 Kidiri the Covert (level 5, 0/24 HPs)
             Began as a Spriggan Enchanter on Aug 15, 2015.
             Slain by a necrophage (1 damage)
             ... in the Dungeon (Sprint II: "The Violet Keep of Menkaure").
             The game lasted 00:02:53 (147 turns).

Kidiri the Covert (Spriggan Enchanter)               Turns: 147, Time: 00:02:53

Health: 0/24       AC:  3    Str:  4    XL:     5   Next: 96%
Magic:  2/15       EV: 24    Int: 16    God:
Gold:   243        SH:  0    Dex: 18    Spells: 5 memorised, 6 levels left

rFire  . . .     SeeInvis +     a - +1 dagger
rCold  . . .     Clarity  .     b - +1 robe
rNeg   . . .     SustAt   .     (shield restricted)
rPois  .         Gourm    .     (helmet restricted)
rElec  .         Spirit   .     (no cloak)
rCorr  .         Warding  .     (gloves unavailable)
rMut   .         NoTele   +     (boots unavailable)
MR     .....                    (no amulet)
Stlth  +++++.....               (no ring)
                                (no ring)

@: very quick, not resistant to hostile enchantments, quite stealthy
A: unfitting armour, see invisible, herbivore 3, speed 3, slow metabolism 2
a: no special abilities


You were in the Dungeon.
You were not hungry.

You visited 1 branch You collected 243 gold pieces.

Inventory:

Hand weapons
 a - a +1 dagger (weapon)
Armour
 b - a +1 robe (worn)
Scrolls
 j - a scroll of blinking
Potions
 f - a potion of heal wounds
 g - a potion of haste
 h - 2 potions of magic
Books
 c - a book of Maledictions

   Spells                             Type                      Level
   a - Corona                         Hexes                        1
   b - Ensorcelled Hibernation        Hexes/Ice                    2
   c - Confuse                        Hexes                        3
   d - Tukima's Dance                 Hexes                        3
   e - Dazzling Spray                 Conjuration/Hexes            3
Comestibles
 d - a bread ration
 i - 2 chunks of flesh


   Skills:
 + Level 3.2 Short Blades
 * Level 7.9 Dodging
 * Level 10.2 Stealth
 * Level 7.0 Spellcasting
 + Level 1.8 Conjurations
 + Level 7.9 Hexes
 + Level 2.2 Ice Magic


You had 6 spell levels left.
You knew the following spells:

 Your Spells              Type           Power        Failure   Level  Hunger
a - Corona                Hex            ####...      1%          1    None
b - Ensorcelled Hibernat  Hex/Ice        ###...       2%          2    None
c - Confuse               Hex            ####....     1%          3    ##.....
d - Tukima's Dance        Hex            ####....     1%          3    ##.....
e - Dazzling Spray        Conj/Hex       ###.....     6%          3    ##.....


Dungeon Overview and Level Annotations

Branches:
Dungeon (1/1)

Altars:

Shops:
D =[}:?


Innate Abilities, Weirdness & Mutations

You are tiny and cannot use many weapons and most armour.
You have supernaturally acute eyesight.
You are a herbivore.
You cover ground extremely quickly.
You need consume almost no food.


Message History

The necrophage hits you but does no damage.
You completely miss the necrophage.
The necrophage is almost destroyed.
The necrophage hits you.
You hit the necrophage.
You destroy the necrophage!
Your Short Blades skill increases to level 3!
Your Stealth skill increases to level 10!
Your Spellcasting skill increases to level 7!
Your Ice Magic skill increases to level 2!
The necrophage completely misses you.
You open the door. The necrophage completely misses you.
The necrophage hits you.
* * * LOW HITPOINT WARNING * * *
Found five shops.
You see here 243 gold pieces.
You close the door.
The necrophage hits you.
* * * LOW HITPOINT WARNING * * *
The necrophage hits you.
You die...

. #+# .. ###.###
.∩. #..#..# ∩.∩.
####.#.## # .∩..#
##†###+## .##
∩...#≈#.n.##.##...#
+≈+@##'.<.+$#
....#≈#.n.##.##.m.#
▓▓###≈##.###+# .##
##### ### $#. # .B
B. ##. .## ## ##


You could see 2 necrophages.

Vanquished Creatures
  2 necrophages (D)
  4 worker ants (D)
6 creatures vanquished.

Notes
Turn   | Place    | Note
--------------------------------------------------------------
     0 | D        | Kidiri the Spriggan Enchanter began the quest for the Orb.
     0 | D        | Reached XP level 1. HP: 9/9 MP: 5/5
     1 | D        | Noticed a boulder beetle
     1 | D        | Noticed a boulder beetle
     4 | D        | Noticed a necrophage
     4 | D        | Noticed a necrophage
     4 | D        | Noticed a necrophage
     4 | D        | Noticed a necrophage
     7 | D        | Noticed a worker ant
     7 | D        | Noticed a worker ant
     7 | D        | Noticed a worker ant
     7 | D        | Noticed a worker ant
    10 | D        | Noticed a siren
    19 | D        | Killed a worker ant
    19 | D        | Reached skill level 6 in Stealth
    19 | D        | Reached skill level 5 in Hexes
    19 | D        | Reached XP level 2. HP: 13/13 MP: 4/7
    23 | D        | Killed a worker ant
    23 | D        | Reached skill level 7 in Stealth
    23 | D        | Reached XP level 3. HP: 16/16 MP: 4/9
    29 | D        | Killed a worker ant
    82 | D        | Learned a level 2 spell: Ensorcelled Hibernation
    86 | D        | Learned a level 3 spell: Confuse
    90 | D        | Learned a level 3 spell: Tukima's Dance
    92 | D        | Killed a worker ant
    92 | D        | Reached skill level 5 in Dodging
    92 | D        | Reached skill level 8 in Stealth
    92 | D        | Reached skill level 5 in Spellcasting
    92 | D        | Reached XP level 4. HP: 21/21 MP: 9/12
   122 | D        | Learned a level 3 spell: Dazzling Spray
   129 | D        | Killed a necrophage
   129 | D        | Reached skill level 9 in Stealth
   129 | D        | Reached skill level 1 in Conjurations
   129 | D        | Reached skill level 1 in Ice Magic
   129 | D        | Reached XP level 5. HP: 24/24 MP: 9/14
   143 | D        | Killed a necrophage
   143 | D        | Reached skill level 10 in Stealth
   146 | D        | Found Oshroyg's Antique Armour Emporium.
   146 | D        | Found Rilib's Book Emporium.
   146 | D        | Found Faravv Pogyx's Magic Scroll Emporium.
   146 | D        | Found Uliyz's Jewellery Shoppe.
   146 | D        | Found Loyseil's Gadget Shoppe.
   147 | D        | HP: 1/24 [necrophage (5)]
   147 | D        | Slain by a necrophage

Vault maps used:
D:        the_violet_keep_of_menkaure

Action                   |  1- 3 |  4- 6 || total
-------------------------+-------+-------++-------
Melee: Dagger            |    16 |    11 ||    27
 Cast: Corona            |     1 |       ||     1
       Ensorcelled Hiber |     1 |       ||     1
       Confuse           |       |     2 ||     2
       Dazzling Spray    |       |     2 ||     2
  Use: Potion            |     2 |       ||     2
 Stab: Sleeping          |     1 |     1 ||     2
